 Dungeon Crawl Stone Soup version 0.28-a0-401-ge240ad9e29 (webtiles) character file.

Game seed: 16906403725949147063

248 speeev33 the Skirmisher (level 6, -6/57 HPs)
             Began as a Hill Orc Fighter on Sept 4, 2021.
             Mangled by a mummy (14 damage)
             ... in an ossuary.
             The game lasted 00:03:22 (2145 turns).

speeev33 the Skirmisher (Hill Orc Fighter)          Turns: 2145, Time: 00:03:23

Health: -6/57      AC:  6    Str: 21    XL:     6   Next: 12%
Magic:  6/6        EV:  9    Int:  8    God:
Gold:   144        SH:  5    Dex: 10    Spells: 5/5 levels left

rFire   . . .      SeeInvis .   a - +0 war axe (vorpal)
rCold   . . .      Faith    .   c - +1 buckler
rNeg    . . .      Spirit   .   b - +0 scale mail
rPois   .          Reflect  .   (no helmet)
rElec   .          Harm     .   (no cloak)
rCorr   .          Rampage  .   (no gloves)
Will    +....                   (no boots)
Stlth   ..........              (no amulet)
HPRegen 0.19/turn               i - ring of willpower
MPRegen 0.10/turn               (no ring)

@: mighty
A: no striking features
a: no special abilities


You were in an ossuary.
You visited 1 branch of the dungeon, and saw 4 of its levels.
You also visited: Ossuary.

You collected 144 gold pieces.

Inventory:

Hand Weapons
 a - a +0 vorpal war axe (weapon)
Missiles
 p - 20 poisoned darts (quivered)
Armour
 b - a +0 scale mail (worn)
 c - a +1 buckler (worn)
Jewellery
 i - a ring of willpower (left hand)
 j - a ring of protection from fire
Scrolls
 m - 3 scrolls of immolation
Potions
 e - 2 potions of curing
 f - a potion of brilliance {unknown}
 g - a potion of berserk rage {unknown}
 h - a potion of degeneration {unknown}
 k - a potion of heal wounds {unknown}
 l - a potion of magic {unknown}
 n - 2 potions of flight {unknown}


   Skills:
 + Level 5.9 Fighting
 + Level 5.8 Axes
 - Level 3.2 Armour
 - Level 4.0 Shields


You had 5 spell levels left.
You didn't know any spells.
Your spell library contained the following spells:

 Spells                   Type           Power      Damage    Failure   Level
 Beastly Appendage        Tmut           0%         N/A       75%         1
 Sublimation of Blood     Necr           0%         N/A       87%         2
 Wereblood                Tmut           0%         N/A       87%         2
 Spider Form              Tmut/Pois      0%         N/A       98%         3
 Tukima's Dance           Hex            0%         N/A       98%         3
 Passage of Golubria      Tloc           N/A        N/A       100%        4
 Petrify                  Tmut/Erth      0%         N/A       100%        4
 Irradiate                Conj/Tmut      0%         3d13      100%        5
 Yara's Violent Unravell  Hex/Tmut       0%         3d3       100%        5


Dungeon Overview and Level Annotations

Branches:
Dungeon (4/15)            Ossuary (1/1)
 Temple: D:4-7

Altars:
Ru


Message History

HP restored. 2 mummies and a zombie come into view. 2 mummies and a zombie come into view.
The hobgoblin zombie moves out of view.
There is an empty arch of ancient stone here.
You feel very mighty all of a sudden.
You slash the kobold zombie!
You destroy the kobold zombie!
You closely miss the mummy. You barely miss the mummy. You slash the mummy!
You slash the hobgoblin zombie!
You destroy the hobgoblin zombie!
The mummy hits you!
You hit the mummy.
The mummy is lightly damaged.
You barely miss the mummy. You barely miss the mummy.
The mummy is lightly damaged.
You slash the mummy!
You destroy the mummy!
You slash the mummy! The mummy hits you!
You have reached level 6!
Your experience leads to an increase in your attributes!
Increase (S)trength, (I)ntelligence, or (D)exterity?
You feel stronger.
You slice the mummy!!
You destroy the mummy!
Your scale mail prevents you from hitting the mummy.
You slash the mummy!
You destroy the mummy!
The mummy barely misses you.
Your scale mail prevents you from hitting the mummy.
The mummy is lightly damaged.
The mummy hits you!
* * * LOW HITPOINT WARNING * * *
You barely miss the mummy.
The mummy is lightly damaged.
You hit the mummy.
The mummy is moderately damaged.
The mummy hits you!
You die...

...M.......
........#
......#
#....#
#....#
#....#
#....#
#.M..#
#.@..#
#....#
#....#
#.∩∩.#
######


You could see a mummy.

Vanquished Creatures
  A phantom (D:4)
  Natasha (twice) (D:3)
  3 mummies (Ossuary)
  2 adders
  13 endoplasms
  A giant cockroach (D:1)
  10 goblins
  8 hobgoblins
  6 kobolds
  2 quokkas (D:1)
  5 ball pythons
  3 bats
  3 frilled lizards (D:1)
  A gnoll zombie (Ossuary)
  3 hobgoblin zombies (Ossuary)
  A kobold zombie (Ossuary)
  An orc zombie (Ossuary)
  5 rats
70 creatures vanquished.

Notes
Turn   | Place    | Note
-------+----------+-------------------------------------------
     0 | D:1      | speeev33 the Hill Orc Fighter began the quest for the Orb.
     0 | D:1      | Reached XP level 1. HP: 19/19 MP: 1/1
   125 | D:1      | Reached XP level 2. HP: 27/27 MP: 2/2
   395 | D:1      | Reached XP level 3. HP: 33/33 MP: 3/3
   683 | D:1      | Found a faded altar of an unknown god.
   787 | D:2      | Found a sacrificial altar of Ru.
  1205 | D:2      | Reached XP level 4. HP: 38/41 MP: 4/4
  1571 | D:3      | Noticed Natasha
  1575 | D:3      | Killed Natasha
  1770 | D:3      | Noticed Natasha
  1794 | D:3      | Killed Natasha
  1795 | D:3      | Reached skill level 5 in Fighting
  1795 | D:3      | Reached XP level 5. HP: 37/48 MP: 5/5
  1968 | D:4      | Noticed a phantom
  1988 | D:4      | Killed a phantom
  1989 | D:4      | Reached skill level 5 in Axes
  2002 | D:4      | Found a sand-covered staircase.
  2008 | Ossuary  | Entered an ossuary
  2142 | Ossuary  | Reached XP level 6. HP: 24/57 MP: 6/6
  2145 | Ossuary  | Mangled by a mummy

Illustrated notes

Levels and vault maps discovered:
D:1:      lightli_arrival_isolated_outpost, layout_loops_ring,
          dreamdust_ecumenical_altar_angels_and_demons
D:2:      layout_basic, basic_altar
D:3:      layout_basic, uniq_natasha
D:4:      layout_cave_pools, lemuel_crystal_altar,
          nicolae_ossuary_entry_false_entrances, serial_shops, shop,
          serial_forest, infiniplex_forest_end_1, infiniplex_forest_lined_1,
          infiniplex_forest_join, infiniplex_forest_clump_C,
          infiniplex_forest_lined_4_way, infiniplex_forest_lined_4_way,
          item_on_display_a
Ossuary:  ossuary_tomb_3

Skill      XL: |  1  2  3  4  5 |
---------------+----------------+-----
Axes           | 3 4 5 |  5.8
Fighting       | 4 5 |  5.9
Shields        | 4 |  4.0
Armour         | |  3.2

Action                   |  1- 3 |  4- 6 || total
-------------------------+-------+-------++-------
Melee: War axe           |    89 |    79 ||   168
  Use: Scroll            |     3 |     4 ||     7
       Potion            |       |     1 ||     1
Armor: Scale mail        |    43 |    21 ||    64
Dodge: Dodged            |    43 |    22 ||    65
Block: Buckler           |    19 |     8 ||    27

Table legend: (Time is in decaauts)
 A = Elapsed time spent in this place.
 B = Non-inter-level travel time spent in this place.
 C = Inter-level travel time spent in this place.
 D = Time resting spent in this place.
 E = Time spent auto-exploring this place.
 F = Levels seen in this place.
 G = Mean time per level.
                   A        B        C        D        E       F      G
               +--------+--------+--------+--------+--------+-----+--------+
         Total |   2203 |   2133 |     70 |    141 |   1467 |   5 |  440.6 |
       Dungeon |   2059 |   1989 |     70 |     63 |   1467 |   4 |  514.8 |
       Ossuary |    144 |    144 |      0 |     78 |      0 |   1 |  144.0 |
               +--------+--------+--------+--------+--------+-----+--------+

Top non-repeatable levels by time:
     D:1: 812 daAuts
     D:2: 626 daAuts
     D:3: 566 daAuts
 Ossuary: 144 daAuts
     D:4: 54 daAuts
